 Dungeon Crawl Stone Soup version 0.27.1-3-gb3d3a73c9e (webtiles) character file.

Game seed: 10790971849360321870

1 Descartes the Sneak (level 1, -1/9 HPs)
             Began as a Spriggan Enchanter on Oct 19, 2021.
             Slain by a kobold (2 damage)
             ... on level 1 of the Dungeon.
             The game lasted 00:00:49 (215 turns).

Descartes the Sneak (Spriggan Enchanter)             Turns: 215, Time: 00:00:50

Health: -1/9       AC:  2    Str:  4    XL:     1   Next: 16%
Magic:  2/5        EV: 17    Int: 16    God:
Gold:   35         SH:  0    Dex: 15    Spells: 4/5 levels left

rFire    . . .     SeeInvis +   a - +1 dagger
rCold    . . .     Faith    .   (shield restricted)
rNeg     . . .     Spirit   .   b - +0 robe
rPois    .         Reflect  .   (helmet restricted)
rElec    .         Harm     .   (no cloak)
rCorr    .         Rampage  .   (gloves unavailable)
Will     .....                  (boots unavailable)
Stlth    +++.......             (no amulet)
HPRegen  0.03/turn              (no ring)
MPRegen  0.09/turn              (no ring)

@: very quick
A: very small, no large weapons, unfitting armour, see invisible, speed 3
a: no special abilities


You were on level 1 of the Dungeon.
You visited 1 branch of the dungeon, and saw 1 of its levels.

You collected 35 gold pieces.

Inventory:

Hand Weapons
 a - a +1 dagger (weapon)
Armour
 b - a +0 robe (worn)
Scrolls
 d - a scroll of teleportation {unknown}
 e - a scroll of magic mapping {unknown}
Potions
 c - 2 potions of curing {unknown}


   Skills:
 + Level 1.1 Short Blades
 + Level 2.7 Dodging
 + Level 4.4 Stealth
 - Level 2.6 Spellcasting
 + Level 3.6 Hexes


You had 4 spell levels left.
You knew the following spells:

 Your Spells              Type           Power      Damage    Failure   Level
a - Corona                Hex            14%        N/A       4%          1

Your spell library contained the following spells:

 Spells                   Type           Power      Damage    Failure   Level
 Confusing Touch          Hex            13%        N/A       13%         3
 Tukima's Dance           Hex            13%        N/A       13%         3
 Ensorcelled Hibernation  Hex/Ice        14%        N/A       14%         2
 Dazzling Flash           Conj/Hex       14%        N/A       28%         3


Dungeon Overview and Level Annotations

Branches:
Dungeon (1/15)

Altars:


Innate Abilities, Weirdness & Mutations

You are very small and have problems with some larger weapons.
You are too small for most types of armour.
You have supernaturally acute eyesight. (SInv)
You cover ground extremely quickly. (Speed+++)


Message History

The ball python is severely wounded.
The ball python completely misses you. The ball python closely misses you.
You hit the ball python.
You kill the ball python!
No target in view!
HP restored.
A quokka comes into view.
A rat comes into view.
A kobold comes into view. It is wielding a +0 dagger.
Found 13 gold pieces.
You miss the quokka. The quokka barely misses you.
Casting: Corona (safe; 4% risk of failure)
Confirm with . or Enter, or press ? or * to list all spells.
Aiming: Corona (safe; 4% risk of failure)
Press: ? - help, Shift-Dir - straight line, f - quokka
Aim: a quokka (chance to affect: 67%)
The quokka barely resists.
The quokka barely misses you. The quokka bites you.
You hit the quokka but do no damage. The quokka misses you.
Casting: Corona (safe; 4% risk of failure)
Confirm with . or Enter, or press ? or * to list all spells.
Aiming: Corona (safe; 4% risk of failure)
Press: ? - help, Shift-Dir - straight line, f/p - quokka
Aim: a quokka (chance to affect: 67%)
The quokka is outlined in light.
The quokka completely misses you.
You hit the quokka but do no damage. The quokka misses you.
You hit the quokka.
The quokka is lightly wounded.
The quokka completely misses you. The kobold hits you with a +0 dagger.
You hit the quokka.
The quokka is severely wounded.
The quokka bites you. The kobold misses you.
Casting: Corona (safe; 4% risk of failure)
Confirm with . or Enter, or press ? or * to list all spells.
Aiming: Corona (safe; 4% risk of failure)
Press: ? - help, Shift-Dir - straight line, f/p - quokka
Aim: a quokka (severely wounded, softly glowing, chance to affect: 67%)
The quokka glows brighter.
The quokka bites you.
* * * LOW HITPOINT WARNING * * *
The kobold hits you with a +0 dagger.
You die...

##........##..#
#........##.....###.##
#................##..#
#....## ###.####.##...
#r... #.####.##...
###....######...........
...................#....
.##...rK..# ##......
.......@..## #.##...
.###...#...## #.#>...
#...##...## #.#.... #...
#.#..#####.#....
...#..#.##.##....##...
.$................###..
#... #........#...## ###
#... ........######
#########


You could see a quokka (corona), a kobold and a rat (asleep).

Vanquished Creatures
  A ball python (D:1)
  A kobold (D:1)
2 creatures vanquished.

Notes
Turn   | Place    | Note
-------+----------+-------------------------------------------
     0 | D:1      | Descartes the Spriggan Enchanter began the quest for the
                  | Orb.
     0 | D:1      | Reached XP level 1. HP: 9/9 MP: 5/5
   215 | D:1      | Slain by a kobold

Illustrated notes

Levels and vault maps discovered:
D:1:      kennysheep_arrival_seaside, layout_rooms, basic_ecumenical_altar

Action                   || total
-------------------------++-------
Melee: Dagger            ||    13
 Cast: Corona            ||     7
Armor: Robe              ||     1
Dodge: Dodged            ||    17
